 Dungeon Crawl Stone Soup version 0.30.0-29-ga12c61a403 (webtiles) character file.

Game seed: 12864617516969498168

343 explorer the Ducker (level 6, -5/46 HPs)
             Began as a Djinni Gladiator on June 15, 2023.
             Was a Follower of Uskayaw.
             Slain by an ogre
             ... wielding a +0 giant club
              (26 damage)
             ... on level 4 of the Dungeon.
             The game lasted 00:19:34 (3688 turns).

explorer the Ducker (Djinni Gladiator)              Turns: 3688, Time: 00:19:35

Health: -5/46      AC:  7    Str: 13    XL:     6   Next: 88%
Gold:   168        EV: 14    Int: 11    God:    Uskayaw [*.....] SH:  0 Dex: 18

rFire   + + .        o - +12 spear of the Arena {heavy, rC+ Dex+3}
rCold   . . .        (no shield)
rNeg    . . .        b - +1 leather armour
rPois   ∞            c - +0 helmet
rElec   .            h - +1 cloak
rCorr   .            (no gloves)
SInv    .            (boots unavailable)
Will    .....        (no amulet)
Stlth   ++           (no ring)
HPRegen 0.27/turn    (no ring)
MPRegen 0.00/turn

%: infuse magic (-6 HP)
@: flying, very slightly contaminated
A: sickness immunity, fire resistance 2, cold vulnerability 1, float, innate
caster, HP casting, extra vitality 1
a: Renounce Religion, Stomp


You were on level 4 of the Dungeon.
You worshipped Uskayaw.
Uskayaw was noncommittal.
You visited 1 branch of the dungeon, and saw 4 of its levels.

You collected 168 gold pieces.

Inventory:

Hand Weapons
 a - a +0 long sword
 o - the +12 spear of the Arena (weapon) {heavy, rC+ Dex+3}
   (You found it on level 3 of the Dungeon)

   Dex:       It affects your dexterity (+3).
   rC:        It protects you from cold.
 p - a +4 quarterstaff of chaos
Missiles
 d - 3 throwing nets (quivered)
 e - a javelin
Armour
 b - a +1 leather armour (worn)
 c - a +0 helmet (worn)
 h - a +1 cloak (worn)
Jewellery
 f - a ring of positive energy
 k - a ring of ice
 m - an amulet of reflection
Scrolls
 j - a scroll of fear
 n - a scroll of silence
 q - a scroll of teleportation
Potions
 g - a potion of haste


   Skills:
 + Level 3.2 Fighting
 - Level 4.2 Long Blades
 + Level 0.4 Polearms
 + Level 1.8 Throwing
 + Level 1.9 Armour
 + Level 4.8 Dodging
 + Level 1.1 Stealth
 + Level 0.3 Spellcasting


You knew the following spells:

 Your Spells              Type           Power      Damage    Failure   Level
a - Beastly Appendage     Tmut           0%         N/A       36%         1
b - Static Discharge      Conj/Air       0%         2-2/arc   50%         2
Your spell library was empty.

Dungeon Overview and Level Annotations

Branches:
Dungeon (4/15)
 Temple: D:4-7

Altars:
Gozag
Nemelex Xobeh
Uskayaw
Yredelemnul


Innate Abilities, Weirdness & Mutations

You are immune to sickness and miasma.
You are immune to poison.
Your flesh is very heat resistant. (rF++)
You are vulnerable to cold. (rC-)
You float through the air rather than walking.
You learn spells naturally, not from books.
Your magical power is your life essence.
You have superior vitality. (+4 MHP)


Message History

The orc closely misses you.
Casting: Static Discharge (dangerous; 50% risk of failure)
Confirm with . or Enter, or press ? or * to list all spells.
The orc is struck by an arc of lightning.
The orc is severely wounded.
The goblin is struck by an arc of lightning.
The goblin is severely wounded.
The lightning grounds out.
The orc misses you.
The orc priest mumbles some strange prayers to Beogh against you.
Beogh smites you!
* * * LOW HITPOINT WARNING * * *
The orc priest looks satisfied for a moment.
The orc hits you with a +0 dagger.
* * * LOW HITPOINT WARNING * * *
Casting: Static Discharge (dangerous; 50% risk of failure)
Confirm with . or Enter, or press ? or * to list all spells.
You miscast Static Discharge.
Nothing appears to happen.
* * * LOW HITPOINT WARNING * * *
The orc misses you.
You feel better. The orc closely misses you.
Casting: Static Discharge (dangerous; 50% risk of failure)
Confirm with . or Enter, or press ? or * to list all spells.
The orc is struck by an arc of lightning.
You kill the orc!
The ogre is struck by an arc of lightning.
The ogre is heavily wounded.
Something is struck by an arc of lightning.
The lightning grounds out.
* * * LOW HITPOINT WARNING * * *
You feel better. The ogre barely misses you.
Casting: Static Discharge (dangerous; 50% risk of failure)
Confirm with . or Enter, or press ? or * to list all spells.
You miscast Static Discharge.
Nothing appears to happen.
The ogre closely misses you.
You puncture the ogre!
The ogre is almost dead.
The goblin hits you but does no damage.
The ogre hits you with a +0 giant club!!
Ouch! That really hurt!
You die...

######### ... ........#
.... ........# #....
........# #..... ........#
...... ........###.#....
###.o).o...... #####
#..gO#........ ##...##
#...@#..o....# #.....#
#....#......#. #.....#
#....#......# #.....#
#....'.....#..
#...(###########........
####...##...##.....##'###.
..##...##....#..)†.# ...
(..#.........#.....# .....
...#.........'.....# ....


You could see an ogre, an orc priest and a goblin.

Vanquished Creatures
  Sigmund (D:2)
  Crazy Yiuf (D:3)
  Jessica (D:2)
  A sleepcap (D:4)
  3 adders
  A dart slug (D:1)
  A worm (D:2)
  4 orcs (D:4)
  7 ball pythons
  4 bats
  3 endoplasms
  4 giant cockroaches
  4 goblins
  9 hobgoblins
  7 kobolds
  4 quokkas
  2 frilled lizards
  A rat (D:1)
58 creatures vanquished.

Notes
Turn   | Place    | Note
-------+----------+-------------------------------------------
     0 | D:1      | explorer the Djinni Gladiator began the quest for the Orb.
     0 | D:1      | Reached XP level 1. HP: 18/18 MP: 0/0
    82 | D:1      | Reached XP level 2. HP: 18/23 MP: 0/0
   543 | D:1      | Reached XP level 3. HP: 28/28 MP: 0/0
   543 | D:1      | Learned a level 1 spell: Beastly Appendage
   891 | D:2      | Noticed Jessica
   895 | D:2      | Killed Jessica
   928 | D:2      | Noticed Sigmund
   935 | D:2      | Reached XP level 4. HP: 33/34 MP: 0/0
   948 | D:2      | Killed Sigmund
   949 | D:2      | Reached skill level 1 in Armour
   949 | D:2      | Reached XP level 5. HP: 13/40 MP: 0/0
   949 | D:2      | Learned a level 2 spell: Static Discharge
   949 | D:2      | Reached XP level 6. HP: 14/46 MP: 0/0
  1643 | D:2      | Found a faded altar of an unknown god.
  1657 | D:2      | Prayed at the altar of an unknown god.
  1657 | D:2      | Became a worshipper of Uskayaw the Reveller
  1657 | D:2      | Reached * piety under Uskayaw
  2057 | D:3      | Reached skill level 1 in Stealth
  2108 | D:3      | Reached ** piety under Uskayaw
  2486 | D:3      | Identified the +12 spear of the Arena {heavy, rC+ Dex+3}
  3071 | D:3      | Found a runed translucent door.
  3072 | D:3      | Noticed Crazy Yiuf
  3084 | D:3      | Killed Crazy Yiuf
  3470 | D:4      | Found a basalt altar of Yredelemnul.
  3541 | D:4      | Found a sparkling altar of Nemelex Xobeh.
  3541 | D:4      | Found an opulent altar of Gozag.
  3667 | D:4      | Noticed an ogre
  3688 | D:4      | Slain by an ogre

Illustrated notes

Levels and vault maps discovered:
D:1:      roderic_crop_circles_arrival_small, layout_basic, minmay_tall_x
D:2:      layout_loops_ring, basic_ecumenical_altar, uniq_sigmund, uniq_jessica
D:3:      layout_basic, uniq_crazy_yiuf_cottage
D:4:      layout_gridville, grunt_temple_overflow_opulence, kennysheep_mini,
          minmay_misc_feat_secret_circle

Skill      XL: |  1  2  3  4  5  6 |
---------------+-------------------+-----
Long Blades    | 3 4 |  4.2
Fighting       | 3 |  3.2
Armour         | 1 |  1.9
Dodging        | 4 |  4.8
Stealth        | 1 |  1.1
Polearms       | |  0.4
Throwing       | |  1.8
Spellcasting   | |  0.3

Action                     |  1- 3 |  4- 6 || total
---------------------------+-------+-------++-------
  Melee: Long sword        |   209 |    93 ||   302
         Punch             |     3 |     4 ||     7
         Headbutt          |       |     2 ||     2
         Spear             |       |    27 ||    27
   Cast: Beastly Appendage |       |     1 ||     1
         Static Discharge  |       |     5 ||     5
    Use: Scroll            |     2 |     6 ||     8
         Potion            |       |     4 ||     4
   Stab: Sleeping          |     1 |     3 ||     4
 Armour: Leather armour    |    22 |    35 ||    57
  Dodge: Dodged            |    46 |   136 ||   182
